 Dungeon Crawl Stone Soup version 0.22-a0-608-g8a62e23 (webtiles) character file.

2390 corax the Magician (level 9, -4/67 HPs)
             Began as a Mummy Hunter on July 9, 2018.
             Was an Initiate of Gozag.
             Slain by an orc warrior
             ... wielding a cursed +0 war axe
              (11 damage)
             ... on level 7 of the Dungeon.
             The game lasted 00:22:05 (7284 turns).

corax the Magician (Mummy Hunter)                   Turns: 7284, Time: 00:22:06

Health: -4/67      AC:  7    Str: 15    XL:     9   Next: 22%
Magic:  17/17      EV: 13    Int: 13    God:    Gozag
Gold:   685        SH:  0    Dex: 13    Spells: 18/18 levels left

rFire    x . .     SeeInvis .   b - +1 hunting sling
rCold    + + .     Gourm    .   (no shield)
rNeg     + + +     Faith    .   h - +0 leather armour {rC+}
rPois    ∞         Spirit   .   k - +0 helmet
rElec    .         Reflect  .   (no cloak)
rCorr    .         Harm     .   m - +2 pair of gloves
MR       +....                  (no boots)
Stlth    ++........             i - amulet of magic regeneration
HPRegen  0.21/turn              (no ring)
MPRegen  0.40/turn              (no ring)

@: no status effects
A: no food or potions, fire vulnerability, cold resistance 1, negative energy
resistance 3, torment resistance, unbreathing
a: Potion Petition, Call Merchant, Bribe Branch, Renounce Religion


You were on level 7 of the Dungeon.
You worshipped Gozag.
Gozag was pleased with you.
You were not hungry.

You visited 2 branches of the dungeon, and saw 8 of its levels.

You collected 750 gold pieces.
You paid 65 gold pieces to Gozag.

Inventory:

Hand Weapons
 a - a +0 short sword of protection
 b - a +1 hunting sling (weapon)
 e - a +0 short sword
Missiles
 d - 25 sling bullets
 g - 143 stones (quivered)
 r - 26 poisoned needles
Armour
 h - a +0 leather armour of cold resistance (worn)
 k - a +0 helmet (worn)
 m - a +2 pair of gloves (worn)
 u - a scarf of spirit shield
Magical Staves
 s - a cursed staff of power
Jewellery
 i - an amulet of magic regeneration (around neck)
 n - an uncursed ring of fire {unknown}
 q - a +3 ring of protection {unknown}
 w - a cursed amulet of rage {unknown}
Wands
 j - a wand of random effects (33)
 o - a wand of iceblast (6)
Scrolls
 c - a scroll of noise {unknown}
 f - 3 scrolls of remove curse {unknown}
 l - 3 scrolls of teleportation {unknown}
 p - 2 scrolls of magic mapping
 t - a scroll of fog
 v - a scroll of fear


   Skills:
 + Level 4.9 Fighting
 + Level 3.6 Short Blades
 + Level 5.1 Slings
 + Level 3.6 Armour
 + Level 4.1 Dodging
 + Level 4.2 Stealth
 + Level 5.3 Spellcasting


You had 18 spell levels left.
You didn't know any spells.
Your spell library contained the following spells:

 Spells                   Type           Power        Failure   Level  Hunger
 Confuse                  Hex            #.......     54%         3    N/A
 Tukima's Dance           Hex            #.......     54%         3    N/A
 Ensorcelled Hibernation  Hex/Ice        #.....       32%         2    N/A
 Corona                   Hex            #......      22%         1    N/A
 Dazzling Spray           Conj/Hex       #.....       54%         3    N/A

Dungeon Overview and Level Annotations

Branches:
Dungeon (7/15)             Temple (1/1) D:4

Altars:
Ashenzari
Cheibriados
Dithmenos
Elyvilon
Fedhas
Gozag
Hepliaklqana
Kikubaaqudgha
Makhleb
Nemelex Xobeh
Okawaru
Qazlal
Ru
Trog
Vehumet
Wu Jian
Zin

Annotations:
D:5 1 runed door


Innate Abilities, Weirdness & Mutations

You do not eat or drink.
Your flesh is vulnerable to fire.
You are immune to poison.
Your flesh is cold resistant. (rC+)
You are immune to negative energy. (rN+++)
You are immune to unholy pain and torment.
You can survive without breathing.


Message History

You are too injured to fight recklessly!
Unknown command.
Firing (i - inventory. (/) - cycle)
g - 144 stones (quivered)
Press: ? - help, Shift-Dir - straight line, f/p - orc warrior
Aim: an orc warrior, wielding a war axe and wearing a plate armour (heavily wounded)
You shoot a stone.
The stone completely misses the orc warrior.
The stone hits the orc priest.
The orc priest is severely wounded.
The orc warrior hits you with a war axe!
* * * LOW HITPOINT WARNING * * *
Unknown command.
The orc wizard gestures wildly while chanting.
The orc wizard blinks!
There is a stone staircase leading up here.
The orc wizard gestures wildly while chanting.
The orc wizard seems to speed up.
The orc warrior hits you with a war axe!
You die...
Your body crumbles into a pile of gold.

####
#########.###.##
...## .#
######.###
##..##...#
#....#.#..
[......#
#......#.#
####...#
####.###.#
.....##.# #...#
.# ##...# #
#...#.# .# ##.#
#...#.##.# #
.....#@oo(#
###...####oo§..#
#... (####.#
#... o# .# o# .#
o#


You could see an orc warrior, an orc priest and 2 orc wizards.

Vanquished Creatures
  Sigmund (D:4)
  A hungry ghost (D:7)
  3 ice beasts
  A necrophage (D:6)
  A phantom (D:4)
  4 ogres
  2 centaurs
  2 scorpions (D:6)
  6 killer bees (D:7)
  A howler monkey (D:5)
  2 crimson imps
  A bullfrog zombie (D:7)
  A hound (D:5)
  2 bullfrog skeletons
  3 orc wizards
  A centaur skeleton (D:5)
  An orc priest (D:5)
  Ijyb (D:3)
  Terence (D:3)
  Natasha (twice) (D:3 D:4)
  3 worker ants
  3 hound skeletons
  Robin (D:2)
  A gnoll (D:2)
  A howler monkey skeleton (D:6)
  6 adders
  A shadow imp (D:5)
  2 oozes
  3 worms
  3 dart slugs (D:1)
  4 leopard geckos
  26 orcs
  5 bats
  3 giant cockroaches
  15 goblins
  5 hobgoblins
  3 jackals (D:1)
  5 quokkas
  6 ball pythons
  A frilled lizard (D:2)
  4 kobolds
  A leopard gecko skeleton (D:4)
  8 rats
  A fungus (D:5)
148 creatures vanquished.

Notes
Turn   | Place    | Note
-------+----------+-------------------------------------------
     0 | D:1      | corax the Mummy Hunter began the quest for the Orb.
     0 | D:1      | Reached XP level 1. HP: 16/16 MP: 1/1
   117 | D:1      | Reached skill level 1 in Stealth
   117 | D:1      | Reached XP level 2. HP: 19/22 MP: 2/2
   817 | D:2      | Reached XP level 3. HP: 27/27 MP: 3/3
   882 | D:2      | Reached skill level 1 in Spellcasting
  1118 | D:2      | Noticed Robin
  1129 | D:2      | Killed Robin
  1129 | D:2      | Reached skill level 1 in Short Blades
  1129 | D:2      | Reached XP level 4. HP: 24/34 MP: 5/5
  1593 | D:2      | Noticed a moth of wrath
  1596 | D:2      | Found a bloodstained altar of Trog.
  1610 | D:2      | Reached skill level 1 in Armour
  1773 | D:2      | Found an iron altar of Okawaru.
  1998 | D:3      | Noticed Terence
  2019 | D:3      | Killed Terence
  2019 | D:3      | Reached XP level 5. HP: 20/39 MP: 7/7
  2180 | D:3      | Noticed Natasha
  2188 | D:3      | Killed Natasha
  2588 | D:3      | Found a shattered altar of Ashenzari.
  2600 | D:3      | Noticed Ijyb
  2619 | D:3      | Killed Ijyb
  2626 | D:3      | Reached XP level 6. HP: 45/46 MP: 9/9
  2894 | D:4      | Found a sparkling altar of Nemelex Xobeh.
  3080 | D:4      | Noticed Sigmund
  3213 | D:4      | Killed Sigmund
  3213 | D:4      | Reached XP level 7. HP: 24/52 MP: 9/11
  3588 | D:4      | Found a staircase to the Ecumenical Temple.
  3594 | Temple   | Entered the Ecumenical Temple
  3652 | Temple   | Became a worshipper of Gozag Ym Sagoz the Greedy
  3914 | D:5      | Entered Level 5 of the Dungeon
  4381 | D:5      | Noticed Natasha
  4398 | D:4      | Killed Natasha
  4598 | D:5      | Reached XP level 8. HP: 60/60 MP: 13/13
  4650 | D:5      | Found a runed door.
  4712 | D:5      | Found a blossoming altar of Fedhas.
  5942 | D:6      | Found a burning altar of Makhleb.
  6579 | D:7      | Reached skill level 5 in Slings
  6672 | D:7      | Reached skill level 5 in Spellcasting
  6672 | D:7      | Reached XP level 9. HP: 56/66 MP: 16/16
  6988 | D:7      | HP: 3/67 [killer bee (5)]
  7284 | D:7      | Slain by an orc warrior

Vault maps used:
D:1:      nicolae_arrival_memento_mori
D:2:      tgw_trog, okawaru_altar_gauntlet_db, uniq_robin
D:3:      nicolae_ashenzari_panopticon, first_ration, wad_orctagon,
          uniq_terence, uniq_natasha, uniq_ijyb
D:4:      nemelex_xobeh_ov_fountains_minmay, minmay_temple_entry_fiery,
          serial_bayou_pond_d, minivault_24, uniq_sigmund
D:5:      fedhas_altar_3, uniq_crazy_yiuf_cottage
D:6:      nicolae_lava_and_water, wad_floor_pattern_2,
          makhleb_blood_cavern_becter
D:7:      wad_crossroads
Temple:   oiseaux_autumnal_temple

Skill      XL: |  1  2  3  4  5  6  7  8  9 |
---------------+----------------------------+-----
Stealth        | 1 2 3 4 |  4.2
Spellcasting   | 1 2 3 5 |  5.3
Short Blades   | 1 2 3 |  3.6
Dodging        | 2 3 4 |  4.1
Armour         | 1 2 3 |  3.6
Fighting       | 3 4 |  4.9
Slings         | 4 5 |  5.1

Action                   |  1- 3 |  4- 6 |  7- 9 || total
-------------------------+-------+-------+-------++-------
Melee: Short sword       |       |     7 |   106 ||   113
 Fire: Hunting sling     |   108 |   276 |   421 ||   805
Invok: Potion Petition   |       |       |     1 ||     1
Evoke: Wand              |       |     9 |     1 ||    10
  Use: Scroll            |       |       |     8 ||     8
 Stab: Invisible         |       |       |     4 ||     4
Armor: Leather armour    |    17 |    40 |   105 ||   162
Dodge: Dodged            |    29 |    73 |   266 ||   368

Table legend:
 A = Spawn XP
 B = Non-spawn XP
 C = Spawn XP percentage of total XP
 D = Spawn monster count
 E = Non-spawn monster count
 F = Spawn count percentage of total count
 G = Total turns spent on level
                    A         B        C        D         E        F      G
               +---------+---------+-------+---------+---------+-------+---------
         Total |       0 |    3415 |   0.0 |       0 |     147 |   0.0 |  7284
               +---------+---------+-------+---------+---------+-------+---------
           D:1 |       0 |      37 |   0.0 |       0 |      17 |   0.0 |   771
           D:2 |       0 |     126 |   0.0 |       0 |      38 |   0.0 |  1156
           D:3 |       0 |     226 |   0.0 |       0 |      20 |   0.0 |   886
           D:4 |       0 |     654 |   0.0 |       0 |      28 |   0.0 |  1393
           D:5 |       0 |     660 |   0.0 |       0 |      15 |   0.0 |   943
           D:6 |       0 |     675 |   0.0 |       0 |      12 |   0.0 |  1065
           D:7 |       0 |    1037 |   0.0 |       0 |      17 |   0.0 |   849
               +---------+---------+-------+---------+---------+-------+---------
